AoeStats
← HAMADY

Arena

509025813Analyzed
4v4 RM · 7d ago on Sep 25, 2026· 47m 32s· 8 players
Game mode
Random Map
Map size
Large (8 player)
Population
200
Speed
Normal
Resources
Standard
Victory
Conquest
Starting age
Dark Age
Ending age
Imperial Age
RankedLock teamsTeams togetherTeam positionsShared explorationLock speedFull tech treeHidden civsTurbo modeCheats
Victory
Defeat
1356
+15
🇦🇷 Persians · Argentina
1338
+16
🇨🇳 Danes · China
1304
+17
🇯🇵 Slavs · Japan
1246
+19
🇦🇷 Spanish · Argentina
1383
-19
🇦🇷 Danes · Argentina
1360
-18
🇦🇷 Magyars · Argentina
1328
-17
🇦🇷 Cumans · Argentina
1237
-13
Wallyfly
11:20 Feudal Age
15:15 Castle Age
14:55 Double-Bit Axe
14:52 Horse Collar
16:28 Heavy Plow
16:39 Bow Saw
21:45 Stone Mining
23:52 Gold Mining
25:12 Corvinian Army
25:23 Scale Barding Armor
27:29 Gold Shaft Mining
28:28 Chain Barding Armor
34:22 Imperial Age
32:51 Bloodlines
32:48 Husbandry
34:37 Wheelbarrow
34:31 Elite Magyar Huszar
35:32 Conscription
36:25 Plate Barding Armor
36:28 Onager
38:06 Crop Rotation
40:20 Fletching
42:43 Recurve Bow
42:57 Heavy Cavalry Archer
44:05 Parthian Tactics
44:39 Bodkin Arrow
46:27 Bracer
46:42 Bracer
elturco
4:15 Loom
5:28 Loom
8:50 Feudal Age
13:49 Double-Bit Axe
13:48 Horse Collar
20:04 Castle Age
20:09 Capped Ram
22:19 Gold Mining
24:24 Wheelbarrow
25:35 Gold Shaft Mining
25:12 Bow Saw
26:00 Scale Barding Armor
27:41 Bloodlines
27:55 Chain Barding Armor
27:45 Forging
27:39 Heavy Plow
28:01 Light Cavalry
30:50 Iron Casting
34:03 Imperial Age
32:33 Scale Mail Armor
33:03 Town Watch
34:07 Fletching
34:18 Padded Archer Armor
37:11 Plate Barding Armor
38:41 Blast Furnace
37:39 Onager
37:58 Elite Skirmisher
38:44 Thumb Ring
38:59 Hand Cart
CTM | El Inadecuado
11:23 Feudal Age
15:01 Castle Age
18:01 Loom
21:03 Imperial Age
21:22 Double-Bit Axe
21:32 Gold Mining
28:16 Bow Saw
30:11 Two-Man Saw
39:16 Block Printing
The HOD
10:44 Feudal Age
12:27 Wheelbarrow
14:47 Castle Age
13:13 Scale Mail Armor
13:05 Double-Bit Axe
13:09 Horse Collar
16:07 Bow Saw
22:56 Heavy Plow
23:37 Chain Mail Armor
24:35 Hand Cart
25:47 Forging
26:15 Squires
26:00 Arson
27:31 Iron Casting
32:04 Imperial Age
30:25 Gold Mining
30:26 Stone Mining
30:48 Masonry
32:07 Gold Shaft Mining
33:20 Plate Mail Armor
32:43 Capped Ram
33:40 Siege Ram
35:31 Blast Furnace
35:53 Elite Varangian Guard
36:55 Conscription
36:00 Hamask
37:01 Conscription
38:34 Pikeman
38:59 Gambesons
40:35 Onager
40:50 Halberdier
41:49 Northmen's Fury
42:04 Siege Onager
HAMADY
7:34 Loom
11:27 Feudal Age
15:33 Castle Age
15:52 Wheelbarrow
15:56 Double-Bit Axe
18:33 Bow Saw
18:11 Horse Collar
19:09 Heavy Plow
23:07 Hand Cart
22:49 Town Watch
28:24 Imperial Age
26:16 Scale Barding Armor
26:22 Forging
26:25 Detinets
27:45 Chain Barding Armor
27:38 Husbandry
27:49 Bloodlines
29:04 Iron Casting
31:55 Plate Barding Armor
30:52 Elite Boyar
37:43 Blast Furnace
37:59 Two-Man Saw
37:32 Crop Rotation
cuba
10:28 Feudal Age
14:11 Castle Age
12:36 Double-Bit Axe
15:22 Bow Saw
22:10 Gold Mining
26:58 Pikeman
27:39 Scale Mail Armor
27:35 Horse Collar
27:44 Loom
28:43 Forging
29:27 Wheelbarrow
30:25 Chain Mail Armor
33:35 Imperial Age
35:30 Halberdier
37:03 Hand Cart
38:38 Stone Mining
42:01 Heavy Plow
43:42 Conscription
44:19 Gold Shaft Mining
43:46 Capped Ram
45:36 Two-Man Saw
45:48 Plate Mail Armor
45:53 Iron Casting
46:34 Squires
46:20 Arson
47:18 Stone Shaft Mining
48:00 Crop Rotation
48:55 Blast Furnace
percy5655
9:46 Feudal Age
11:09 Double-Bit Axe
12:39 Loom
15:38 Castle Age
13:57 Stone Mining
13:50 Horse Collar
14:26 Gold Mining
16:40 Wheelbarrow
16:40 Fletching
20:17 Bow Saw
20:58 Heavy Plow
24:01 Gold Shaft Mining
24:13 Hand Cart
26:24 Town Watch
28:14 Gold Shaft Mining
29:13 Scale Mail Armor
31:10 Forging
31:14 Gambesons
31:29 Squires
31:26 Hamask
35:59 Imperial Age
34:01 Chain Mail Armor
34:35 Stone Shaft Mining
35:11 Iron Casting
34:32 Bodkin Arrow
36:10 Elite Jomsviking
38:02 Blast Furnace
37:36 Ballistics
38:30 Plate Mail Armor
38:32 Siege Engineers
38:38 Masonry
38:36 Heavy Scorpion
40:09 Bracer
41:16 Chemistry
40:04 Onager
44:48 Northmen's Fury
45:49 Conscription
47:02 Siege Onager
瓦兰吉程咬金三板斧
10:19 Feudal Age
14:32 Castle Age
12:30 Double-Bit Axe
13:38 Horse Collar
15:21 Light Cavalry
18:15 Gold Mining
18:38 Bow Saw
23:28 Wheelbarrow
23:53 Bloodlines
23:53 Scale Barding Armor
24:35 Bloodlines
25:48 Loom
26:19 Hand Cart
27:39 Husbandry
33:19 Imperial Age
32:12 Chain Barding Armor
31:44 Fletching
31:54 Padded Archer Armor
32:29 Ballistics
33:31 Bodkin Arrow
34:15 Corvinian Army
34:34 Leather Archer Armor
34:31 Masonry
35:29 Chemistry
34:51 Conscription
34:39 Thumb Ring
35:36 Parthian Tactics
36:20 Bracer
36:57 Plate Barding Armor
37:47 Recurve Bow
37:53 Elite Magyar Huszar
40:14 Heavy Cavalry Archer
45:05 Ring Archer Armor
44:41 Siege Engineers
Connection lost

Rejoining the realm…

Still unreachable

The connection could not be restored.

Session expired

The server has moved on; the page needs a fresh start.